 Dungeon Crawl Stone Soup version 0.18.1-50-g88ac8fd (webtiles) character file.

2836 varam the Digger (level 9, -7/52 HPs)
             Began as a Gargoyle Earth Elementalist on Oct 10, 2016.
             Was an Initiate of Vehumet.
             Splashed by a brown ugly thing's acid (9 damage)
             ... on level 7 of the Dungeon.
             The game lasted 00:38:12 (8871 turns).

varam the Digger (Gargoyle Earth Elementalist)      Turns: 8871, Time: 00:38:12

Health: -7/52      AC:  3    Str: 11    XL:     9   Next: 74%
Magic:  10/34      EV: 18    Int: 20    God:    Vehumet [......]
Gold:   230        SH:  0    Dex: 15    Spells: 4 memorised, 11 levels left

rFire  . . .     SeeInvis .     g - staff of power
rCold  . . .     Gourm    .     a - +0 robe
rNeg   + . .     Faith    .     (no shield)
rPois  ∞         Spirit   .     (no helmet)
rElec  +         Dismiss  .     L - +2 cloak
rCorr  .         Reflect  .     (no gloves)
SustAt .         Harm     .     (no boots)
MR     .....                    (no amulet)
Stlth  +++.......               (no ring)
                                (no ring)

@: agile, corroded, not resistant to hostile enchantments, fairly stealthy
A: negative energy resistance 1, electricity resistance, unbreathing,
petrification resistance, rot immunity, AC +5
a: Renounce Religion


You were on level 7 of the Dungeon.
You worshipped Vehumet.
Vehumet was noncommittal.
You were not hungry.

You visited 2 branches of the dungeon, and saw 8 of its levels.

You collected 230 gold pieces.

Inventory:

Hand Weapons
 i - a +0 dagger
 C - a +0 falchion
 O - a +0 mace
 P - a +0 lajatang
 R - the +5 flail of Wyrd {freeze, rElec rF+ rC+ Stlth-, unknown}
   (You found it on level 7 of the Dungeon)

   It has been specially enchanted to freeze those struck by it, causing extra
   injury to most foes and up to half again as much damage against particularly
   susceptible opponents.
   It can also slow down cold-blooded creatures.
   It protects you from fire.
   It protects you from cold.
   It insulates you from electricity.
   It makes you less stealthy.
Missiles
 b - 111 stones (quivered)
Armour
 a - a +0 robe (worn)
 f - a +0 large shield
 B - a cursed +0 robe
 J - the +1 ring mail of the Clam {rElec MR- MP+9 Int+5, unknown}
   (You found it on level 5 of the Dungeon)

   It affects your intelligence (+5).
   It insulates you from electricity.
   It affects your resistance to hostile enchantments.
   It affects your magic capacity (+9).
 L - a +2 cloak (worn)
Magical Staves
 g - an uncursed staff of power (weapon)
 H - an uncursed staff of summoning
Jewellery
 d - an uncursed amulet of the gourmand {unknown}
 h - an uncursed amulet of regeneration {unknown}
 r - an uncursed ring of fire {unknown}
Wands
 q - a wand of enslavement (9/24)
 D - a wand of disintegration (15/24)
Scrolls
 e - 2 scrolls of enchant armour
 j - a scroll of teleportation
 k - 2 scrolls of noise {unknown}
 m - a scroll of immolation
 n - 2 scrolls of amnesia
 o - 3 scrolls of enchant weapon
 v - a scroll of fear {unknown}
 y - 3 scrolls of random uselessness
 E - a scroll of blinking {unknown}
 F - 2 scrolls of remove curse {unknown}
 G - a scroll of magic mapping {unknown}
Potions
 l - 3 potions of agility
 p - 2 potions of heal wounds {unknown}
 s - a potion of flight {unknown}
 t - a potion of lignification {unknown}
 u - 2 potions of cancellation {unknown}
 x - a potion of invisibility {unknown}
 z - a potion of mutation {unknown}
 A - a potion of resistance {unknown}
 I - a potion of berserk rage {unknown}
 M - a potion of haste {unknown}
 N - a potion of curing {unknown}
Books
 c - a book of Geomancy

   Spells                             Type                      Level
   a - Sandblast                      Earth                        1
   b - Passwall                       Transmutation/Earth          2
   c - Stone Arrow                    Conjuration/Earth            3
   d - Petrify                        Transmutation/Earth          4
   e - Lee's Rapid Deconstruction     Earth                        5
 K - a book of Maledictions

   Spells                             Type                      Level
   a - Corona                         Hexes                        1
   b - Ensorcelled Hibernation        Hexes/Ice                    2
   c - Confuse                        Hexes                        3
   d - Tukima's Dance                 Hexes                        3
   e - Dazzling Spray                 Conjuration/Hexes            3
Comestibles
 w - 4 bread rations
 Q - 8 chunks of flesh


   Skills:
 + Level 4.1 Fighting
 + Level 2.2 Maces & Flails
 + Level 4.0 Armour
 + Level 3.1 Dodging
 - Level 2.1 Stealth
 + Level 4.1 Shields
 * Level 7.0 Spellcasting
 + Level 4.8 Conjurations
 - Level 0.7 Transmutations
 + Level 7.5 Earth Magic


You had 11 spell levels left.
You knew the following spells:

 Your Spells              Type           Power        Failure   Level  Hunger
a - Sandblast             Erth           #####.       1%          1    None
b - Passwall              Trmt/Erth      ###.......   2%          2    None
c - Stone Arrow           Conj/Erth      ####..       2%          3    #......
d - Lee's Rapid Deconstr  Erth           #####.....   14%         5    #####..


Dungeon Overview and Level Annotations

Branches:
Dungeon (7/15)             Temple (1/1) D:4

Altars:
Ashenzari
Cheibriados
Dithmenos
Elyvilon
Fedhas
Kikubaaqudgha
Makhleb
Okawaru
Qazlal
Ru
Sif Muna
Trog
Vehumet
Yredelemnul
Zin
The Shining One


Innate Abilities, Weirdness & Mutations

You are resistant to torment.
Your stone body is resilient (AC +5).
You are immune to poison.
You resist negative energy.
You are resistant to electric shocks.
You can survive without breathing.
You are immune to petrification.
You are immune to rotting.


Message History

Press: ? - help, Shift-Dir - straight line, f/p - brown ugly thing
Aim: a brown ugly thing (severely wounded)
The stone arrow hits the brown ugly thing.
The brown ugly thing is severely wounded.
The brown ugly thing completely misses you.
Drink which item? (? for menu, Esc to quit)
It was a potion of agility.
You feel agile all of a sudden. The brown ugly thing barely misses you.
Casting: Stone Arrow
Confirm with . or Enter, or press ? or * to list all spells.
Aiming: Stone Arrow
Press: ? - help, Shift-Dir - straight line, f/p - brown ugly thing
Aim: a brown ugly thing (severely wounded)
The stone arrow hits the brown ugly thing.
The brown ugly thing is almost dead.
The brown ugly thing stings you!
* * * LOW HITPOINT WARNING * * *
You are splashed with acid!
The acid burns!
You die...

#....###.###.#
###..........#
#..###.##..#
#......#...#
....#####..##
####.# #..#
#.# #..######
#.# #.......#
#. #.#####@#
#.#####.## #u#
##........#
#.#
...u.....^#
#..
.########u#
#.# #.# #.#
#.# #.# #.#
#.# ##.####.#


You could see a brown ugly thing.

Vanquished Creatures
  Pikel (D:6)
  Grinder (D:5)
  Sigmund (D:6)
  Menkaure (D:6)
  A sky beast (D:6)
  2 ice beasts
  A phantom (D:6)
  An ogre (D:7)
  A necrophage (D:5)
  2 slaves (D:6)
  2 centaurs (D:5)
  Blork the orc (D:4)
  A giant frog (D:6)
  A scorpion (D:4)
  3 wights (D:5)
  6 crimson imps (D:6)
  A giant frog zombie (D:6)
  2 hounds
  A centaur skeleton (D:1)
  3 orc priests
  A jelly (D:5)
  3 orc wizards
  Jessica (D:2)
  3 worker ants
  A hound skeleton (D:5)
  A gnoll (D:1)
  9 adders
  A shadow imp (D:5)
  2 oozes
  An adder zombie (D:6)
  An adder skeleton (D:4)
  A worm (D:3)
  3 dart slugs (D:2)
  5 giant geckos
  23 orcs
  7 giant cockroaches
  10 hobgoblins
  3 jackals (D:2)
  2 quokkas
  2 ball pythons
  5 bats
  5 giant newts
  4 goblins
  A jackal skeleton (D:5)
  14 kobolds
  8 rats
150 creatures vanquished.

Vanquished Creatures (others)
  2 plants (D:2)
2 creatures vanquished.

Grand Total: 152 creatures vanquished

Notes
Turn   | Place    | Note
--------------------------------------------------------------
     0 | D:1      | varam the Gargoyle Earth Elementalist began the quest for the Orb.
     0 | D:1      | Reached XP level 1. HP: 10/10 MP: 3/3
   285 | D:1      | Reached XP level 2. HP: 15/15 MP: 0/5
   593 | D:1      | Reached XP level 3. HP: 19/19 MP: 4/7
   820 | D:1      | Reached XP level 4. HP: 20/24 MP: 2/9
   874 | D:1      | Learned a level 3 spell: Stone Arrow
  1036 | D:2      | Reached skill level 1 in Conjurations
  2037 | D:2      | Noticed Jessica
  2114 | D:2      | Killed Jessica
  2114 | D:2      | Reached XP level 5. HP: 22/28 MP: 10/10
  2717 | D:3      | Learned a level 2 spell: Passwall
  2738 | D:3      | Reached skill level 5 in Earth Magic
  3039 | D:3      | Found a deep blue altar of Sif Muna.
  3773 | D:4      | Reached XP level 6. HP: 32/32 MP: 12/12
  4286 | D:4      | Found a white marble altar of Elyvilon.
  4286 | D:4      | Found a snail-covered altar of Cheibriados.
  4372 | D:4      | Found a shadowy altar of Dithmenos.
  4394 | D:4      | Found a shattered altar of Ashenzari.
  4470 | D:4      | Found a staircase to the Ecumenical Temple.
  4476 | Temple   | Entered the Ecumenical Temple
  4484 | Temple   | Became a worshipper of Vehumet
  4547 | D:4      | Noticed Blork the orc
  4555 | D:5      | Entered Level 5 of the Dungeon
  4658 | D:5      | Got a scorched ring mail
  4693 | D:5      | Noticed a necrophage
  4760 | D:5      | Killed a necrophage
  4760 | D:5      | Reached skill level 5 in Spellcasting
  4760 | D:5      | Reached XP level 7. HP: 23/36 MP: 1/14
  4823 | D:5      | Noticed Grinder
  4863 | D:5      | Paralysed by Grinder for 6 turns
  4884 | D:5      | Paralysed by Grinder for 4 turns
  5116 | D:5      | Killed Grinder
  5116 | D:5      | Reached skill level 1 in Fighting
  5116 | D:5      | Reached skill level 1 in Armour
  5116 | D:5      | Reached skill level 1 in Shields
  5191 | D:5      | Learned a level 5 spell: Lee's Rapid Deconstruction
  5244 | D:4      | Killed Blork the orc
  5678 | D:4      | Reached XP level 8. HP: 41/43 MP: 10/16
  7079 | D:6      | Noticed Sigmund
  7082 | D:6      | Killed Sigmund
  7324 | D:6      | Reached XP level 9. HP: 37/50 MP: 4/18
  7581 | D:6      | Reached skill level 1 in Maces & Flails
  7606 | D:6      | Noticed Menkaure
  7609 | D:6      | Killed Menkaure
  7684 | D:6      | Found a basalt altar of Yredelemnul.
  7696 | D:6      | Found an ancient bone altar of Kikubaaqudgha.
  8171 | D:6      | Noticed Pikel
  8193 | D:6      | Killed Pikel
  8816 | D:7      | Got a steaming flail
  8843 | D:7      | Noticed a brown ugly thing
  8871 | D:7      | HP: 2/52 [brown ugly thing (15)]
  8871 | D:7      | Splashed by a brown ugly thing's acid

Skill      XL: |  1  2  3  4  5  6  7  8  9 |
---------------+----------------------------+-----
Spellcasting   | 3 4 5 6 7 |  7.0
Earth Magic    | 4 5 6 7 |  7.5
Conjurations   | 1 2 3 4 |  4.8
Fighting       | 1 3 4 |  4.1
Armour         | 1 3 4 |  4.0
Shields        | 1 3 4 |  4.1
Dodging        | 2 3 |  3.1
Maces & Flails | 2 |  2.2
Stealth        | |  2.1
Transmutations | |  0.7

Action                   |  1- 3 |  4- 6 |  7- 9 || total
-------------------------+-------+-------+-------++-------
Melee: Staff             |       |       |    13 ||    13
Throw: Stone             |       |     1 |       ||     1
 Cast: Sandblast         |    26 |    44 |     3 ||    73
       Stone Arrow       |       |    87 |   136 ||   223
       Lee's Rapid Decon |       |       |     2 ||     2
  Use: Scroll            |       |     3 |     3 ||     6
       Potion            |       |       |     1 ||     1
  Eat: Chunk             |       |    10 |     5 ||    15
       Bread ration      |       |     2 |     2 ||     4
       Royal jelly       |       |       |     1 ||     1
       Beef jerky        |       |       |     1 ||     1
       Pizza             |       |       |     1 ||     1
Armor: Robe              |    19 |    21 |    14 ||    54
Dodge: Dodged            |    27 |    32 |    41 ||   100
